 Dungeon Crawl Stone Soup version 0.22-a0-293-gc9362ec (webtiles) character file.

187 kuniqs the Covered (level 5, 0/49 HPs)
             Began as a Deep Dwarf Fighter on Mar 24, 2018.
             Slain by Ijyb
             ... wielding a +0 club
              (2 damage)
             ... on level 3 of the Dungeon.
             The game lasted 00:03:40 (2086 turns).

kuniqs the Covered (Deep Dwarf Fighter)             Turns: 2086, Time: 00:03:41

Health: 0/49       AC: -13   Str: 20    XL:     5   Next: 39%
Magic:  2/2        EV:  8    Int:  9    God:
Gold:   85         SH:  9    Dex: 12    Spells: 4/4 levels left

rFire    . . .     SeeInvis .   m - +3 short sword (protect)
rCold    . . .     Gourm    .   c - +0 shield
rNeg     . . .     Faith    .   b - +0 scale mail
rPois    .         Spirit   .   (no helmet)
rElec    .         Reflect  .   (no cloak)
rCorr    .         Harm     .   q - +1 pair of gloves
MR       .....                  n - +0 pair of boots
Stlth    ..........             (no amulet)
HPRegen  0.00/turn              (no ring)
MPRegen  0.08/turn              (no ring)

@: corroded, non-regenerating
A: damage resistance, heal wounds, sense surroundings 1, no regeneration
a: Heal Wounds


You were on level 3 of the Dungeon.
You were not hungry.

You visited 1 branch of the dungeon, and saw 3 of its levels.

You collected 85 gold pieces.

Inventory:

Hand Weapons
 a - a +0 war axe
 m - a +3 short sword of protection (weapon)
Armour
 b - a +0 scale mail (worn)
 c - a +0 shield (worn)
 n - a +0 pair of boots (worn)
 q - a +1 pair of gloves (worn)
Jewellery
 r - an uncursed amulet of rage {unknown}
 t - the ring "Ilofuun" {rElec rPois rF- rC- EV+3, unknown}
   (You found it on level 3 of the Dungeon)

   [ring of evasion]

   It affects your evasion (+3).
   It makes you vulnerable to fire.
   It makes you vulnerable to cold.
   It insulates you from electricity.
   It protects you from poison.
Scrolls
 h - a scroll of magic mapping {unknown}
 i - a scroll of amnesia {unknown}
 j - 3 scrolls of blinking {unknown}
 l - 2 scrolls of remove curse {unknown}
 p - a scroll of fog {unknown}
 s - a scroll of teleportation {unknown}
 u - 2 scrolls of identify {unknown}
Potions
 d - 2 potions of might
 e - 5 potions of curing {unknown}
 k - 2 potions of magic {unknown}
 o - a potion of lignification {unknown}
Comestibles
 f - 8 rations
 g - 5 chunks of flesh


   Skills:
 + Level 3.4 Fighting
 + Level 3.3 Axes
 + Level 4.3 Armour
 + Level 2.1 Dodging
 + Level 4.2 Shields


You had 4 spell levels left.
You didn't know any spells.

Dungeon Overview and Level Annotations

Branches:
Dungeon (3/15)

Altars:
Qazlal

Annotations:
D:3 Ijyb


Innate Abilities, Weirdness & Mutations

You are resistant to damage.
You can heal yourself by infusing magical energy.
You passively map a small area around you.
You do not regenerate.


Message History

You feel much better.
Ijyb zaps a wand.
The bolt of acid hits you!
* * * LOW HITPOINT WARNING * * *
The acid corrodes you!
You are splashed with acid!
The acid burns!
* * * LOW HITPOINT WARNING * * *
Your magical essence is drained by the effort!
You feel much better. Ijyb hits you with a club!
* * * LOW HITPOINT WARNING * * *
You feel much better.
Ijyb zaps a wand.
The bolt of acid hits you! The acid corrodes you!
You are splashed with acid!
The acid burns!
* * * LOW HITPOINT WARNING * * *
You feel much better. Ijyb misses you.
Ijyb zaps a wand.
The bolt of acid hits you!
* * * LOW HITPOINT WARNING * * *
The acid corrodes you!
You are splashed with acid!
The acid burns!
* * * LOW HITPOINT WARNING * * *
You fail to use your ability.
You fail to use your ability.
Ijyb screams, "Die!"
Ijyb hits you with a club.
You die...

### ###
#.###########.#
#...........#.#**####
#.#########.#.##.....
#.# , ,, #.#...,.. ,
#.# * * # #.#.##.#
#.# *, #.#......# *
#.# #.<@g.#..# * #.#
*#######,g... #.# * ,
,, >, .... , #.# **
,, * , ,### #.# , ,*
, * , #.# * , , #.# ,
#.# , , , #.# , ,


You could see Ijyb.

Vanquished Creatures
  A scorpion (D:3)
  5 adders
  2 worms (D:2)
  2 dart slugs (D:1)
  2 ball pythons
  7 giant cockroaches
  7 goblins
  7 hobgoblins
  13 jackals
  14 kobolds
  2 quokkas
  9 bats
  6 frilled lizards
  5 rats
82 creatures vanquished.

Notes
Turn   | Place    | Note
-------+----------+-------------------------------------------
     0 | D:1      | kuniqs the Deep Dwarf Fighter began the quest for the Orb.
     0 | D:1      | Reached XP level 1. HP: 20/20 MP: 1/1
    35 | D:1      | Reached XP level 2. HP: 21/27 MP: 2/2
   244 | D:1      | Reached skill level 1 in Dodging
   421 | D:1      | Reached XP level 3. HP: 34/34 MP: 3/3
   974 | D:2      | Reached XP level 4. HP: 37/42 MP: 4/4
  1679 | D:3      | Got a scorched iron ring
  1700 | D:3      | Reached XP level 5. HP: 46/49 MP: 4/4
  1971 | D:3      | Found a stormy altar of Qazlal.
  2062 | D:3      | Noticed Ijyb
  2079 | D:3      | HP: 1/49 [acid (12)]
  2086 | D:3      | Slain by Ijyb

Vault maps used:
D:1:      sevenhm_arrival_forest_fort_large_3, minmay_cut_off
D:2:      minmay_wonky_spiral, first_ration, minmay_box_of_dots
D:3:      lemuel_crystal_altar, corexii_leaking_fountain, minmay_checkerbox,
          uniq_grinder, uniq_ijyb

Skill      XL: |  1  2  3  4 |
---------------+-------------+-----
Dodging        | 1 2 |  2.1
Fighting       | 3 |  3.4
Axes           | 3 |  3.3
Armour         | 4 |  4.3
Shields        | 4 |  4.2

Action                   |  1- 3 |  4- 6 || total
-------------------------+-------+-------++-------
Melee: War axe           |    36 |       ||    36
       Short sword       |    93 |   147 ||   240
 Abil: Heal Wounds       |     1 |     8 ||     9
  Eat: Chunk             |       |     4 ||     4
Armor: Scale mail        |    78 |    84 ||   162
Dodge: Dodged            |    47 |    46 ||    93
Block: Shield            |    87 |    76 ||   163

Table legend:
 A = Spawn XP
 B = Non-spawn XP
 C = Spawn XP percentage of total XP
 D = Spawn monster count
 E = Non-spawn monster count
 F = Spawn count percentage of total count
 G = Total turns spent on level
                    A         B        C        D         E        F      G
               +---------+---------+-------+---------+---------+-------+---------
         Total |       0 |     268 |   0.0 |       0 |      82 |   0.0 |  2086
               +---------+---------+-------+---------+---------+-------+---------
           D:1 |       0 |      49 |   0.0 |       0 |      28 |   0.0 |   815
           D:2 |       0 |     100 |   0.0 |       0 |      29 |   0.0 |   718
           D:3 |       0 |     119 |   0.0 |       0 |      25 |   0.0 |   553
               +---------+---------+-------+---------+---------+-------+---------
